 Dungeon Crawl Stone Soup version 0.31-a0-198-g2ad674f65e (webtiles) character file.

Game seed: 11855834822113925054

149 qw the Skirmisher (level 5, -4/29 HPs)
             Began as a Deep Elf Hunter on June 25, 2023.
             Slain by an iron imp (8 damage)
             ... summoned by Eustachio
             ... on level 4 of the Dungeon.
             The game lasted 00:00:52 (2233 turns).

qw the Skirmisher (Deep Elf Hunter)                 Turns: 2233, Time: 00:00:52

Health: -4/29      AC:  3    Str: 10    XL:     5   Next: 9%
Magic:  7/7        EV: 12    Int: 14    God:
Gold:   199        SH:  0    Dex: 18    Spells: 4/4 levels left

rFire   . . .        Y - +0 arbalest
rCold   . . .        (shield currently unavailable)
rNeg    . . .        c - +0 leather armour
rPois   .            (no helmet)
rElec   .            i - scarf {repulsion}
rCorr   .            (no gloves)
SInv    +            (no boots)
Will    .....        (no amulet)
Stlth   +++          b - ring of Wintunoes {SInv Stlth+}
HPRegen 0.24/turn    (no ring)
MPRegen 0.10/turn

%: repel missiles
@: about to teleport
A: no striking features
a: no special abilities


You were on level 4 of the Dungeon.
You visited 1 branch of the dungeon, and saw 4 of its levels.

You collected 237 gold pieces.
You spent 38 gold pieces at shops.


   Skills:
 - Level 1.5 Fighting
 + Level 8.5 Ranged Weapons
 - Level 2.4 Dodging
 - Level 1.2 Stealth


You had 4 spell levels left.
You didn't know any spells.
Your spell library was empty.

Inventory:

Hand Weapons
 Y - a +0 arbalest (weapon)
Armour
 c - a +0 leather armour (worn)
 i - a scarf of repulsion (worn)
Jewellery
 b - the ring of Wintunoes (left hand) {SInv Stlth+}
   (You found it on level 2 of the Dungeon)

   [ring of see invisible]

   SInv:      It lets you see invisible.
   Stlth:     It makes you more stealthy.
Scrolls
 a - 2 scrolls of teleportation
 e - a scroll of identify
 f - a scroll of silence {unknown}
Potions
 d - a potion of haste
 h - 3 potions of might
 j - a potion of curing

Dungeon Overview and Level Annotations

Branches:
Dungeon (4/15)
 Temple: D:4-7

Altars:
Fedhas
Gozag
Xom

Shops:
D:3 ((

Annotations:
D:4 Eustachio


Message History

You hear the slow rusting of a drain nearby.
Eustachio casts a spell.
The crimson imp hits you. x2
The crimson imp hits you but does no damage.
The crimson imp hits you.
You shoot a bolt. The bolt hits the crimson imp!
You kill the crimson imp!
The crimson imp disappears in a puff of smoke!
The crimson imp disappears in a puff of smoke!
The quasit misses you. The quasit barely misses you. x2
The iron imp hits you but does no damage.
You shoot a bolt. The bolt hits Eustachio!
Eustachio is moderately wounded.
The quasit barely misses you.
The quasit claws you but does no damage.
The quasit closely misses you. Eustachio misses you. The quasit bites you.
The quasit claws you but does no damage.
The quasit closely misses you. The iron imp closely misses you.
Eustachio hits you with a +0 falchion.
You shoot a bolt. The bolt closely misses Eustachio.
The bolt closely misses the quasit.
The quasit barely misses you. The quasit claws you.
The quasit barely misses you. Eustachio hits you with a +0 falchion.
The quasit bites you but does no damage.
The quasit completely misses you. The quasit barely misses you.
The iron imp hits you.
You shoot a bolt. The bolt misses Eustachio.
The bolt misses the quasit.
The quasit closely misses you. The quasit claws you.
The quasit claws you but does no damage.
Eustachio casts a spell.
The iron imp hits you. The quasit bites you. The quasit claws you.
The quasit claws you but does no damage.
Eustachio hits you but does no damage.
2233 ||| READING 3 scrolls of teleportation.
As you read the scroll of teleportation, it crumbles to dust.
You feel strangely unstable. The quasit barely misses you.
The quasit claws you but does no damage. x2
The iron imp hits you!
You die...

.#....#
.#....#
......# .
...##.. ..
....#.# ...
...... ....
......
###..## #
......5###..#
../..5@@r...#
.###..5.....#
#...>....#
#.........+
...........#
##..........#
###........#
#........#


You could see Eustachio, an iron imp (summoned), 2 quasits and a quokka
(summoned).

Vanquished Creatures
  A jelly (D:4)
  3 gnolls (D:4)
  3 adders
  A worm (D:2)
  2 orcs (D:3)
  3 bats
  8 endoplasms
  3 giant cockroaches
  7 goblins
  7 hobgoblins
  3 kobolds
  A quokka (D:2)
  4 ball pythons
  6 frilled lizards
  5 rats
57 creatures vanquished.

Notes
Turn   | Place    | Note
-------+----------+-------------------------------------------
     0 | D:1      | qw the Deep Elf Hunter began the quest for the Orb.
     0 | D:1      | Reached XP level 1. HP: 12/12 MP: 3/3
     0 | D:1      | 0 ||| qw: Version: 0.3-a-22-g0ed2b0b
     0 | D:1      | 0 ||| qw: Game counter: 4971
     0 | D:1      | 0 ||| qw: Melee chars always use a shield: true
     0 | D:1      | 0 ||| qw: God list: Okawaru
     0 | D:1      | 0 ||| qw: Allow faded altars: false
     0 | D:1      | 0 ||| qw: Do Orc after clearing Dungeon:15 true
     0 | D:1      | 0 ||| qw: Do second Lair branch before Depths: true
     0 | D:1      | 0 ||| qw: Lair rune preference: random
     0 | D:1      | 0 ||| qw: Goals: Normal
     0 | D:1      | 0 ||| PLANNING D:1-11
   109 | D:1      | Reached skill level 6 in Ranged Weapons
   109 | D:1      | Reached XP level 2. HP: 16/16 MP: 4/4
   121 | D:1      | HP: 4/16 [frilled lizard (2)]
   554 | D:1      | 554 ||| DROPPING +6 ring of intelligence.
   555 | D:1      | 555 ||| READING 4 scrolls labelled WESID ZUEDICS.
   558 | D:1      | 558 ||| READING scroll labelled SEGIUH ALIUJITS.
   559 | D:1      | 559 ||| DRINKING 2 green potions.
   560 | D:1      | 560 ||| DROPPING scroll of butterflies.
   636 | D:2      | Identified the ring of Wintunoes {SInv Stlth+}
   746 | D:2      | Reached XP level 3. HP: 20/20 MP: 5/5
  1137 | D:2      | Found a shimmering altar of Xom.
  1141 | D:2      | 1141 ||| UPGRADING to scarf of repulsion.
  1146 | D:2      | 1146 ||| UPGRADING to ring of Wintunoes {SInv Stlth+}.
  1147 | D:2      | 1147 ||| READING 2 scrolls labelled ZIXARI SETSI.
  1148 | D:2      | 1148 ||| DRINKING 2 golden potions.
  1196 | D:3      | 1196 ||| STAIRDANCE
  1201 | D:2      | Reached skill level 7 in Ranged Weapons
  1205 | D:2      | HP: 5/20 [poisoned by an adder]
  1460 | D:3      | Found Dilukk's Weapon Shoppe.
  1466 | D:3      | 1466 ||| BUYING +0 orcbow (38 gold).
  1466 | D:3      | Bought a +0 orcbow for 38 gold pieces
  1466 | D:3      | 1466 ||| SWAPPING to +0 orcbow.
  1467 | D:3      | 1467 ||| DROPPING +0 shortbow.
  1562 | D:3      | Found Viwytsuh's Antique Weapon Boutique.
  1604 | D:3      | Found a blossoming altar of Fedhas.
  1806 | D:3      | Reached XP level 4. HP: 17/25 MP: 6/6
  1885 | D:3      | Found an opulent altar of Gozag.
  2047 | D:3      | 2047 ||| SWAPPING to +0 arbalest.
  2049 | D:3      | 2049 ||| DROPPING +0 orcbow.
  2083 | D:3      | 2083 ||| READING scroll labelled SEACRE VOYDY.
  2127 | D:3      | 2127 ||| DRINKING 2 grey potions.
  2128 | D:3      | 2128 ||| READING 5 scrolls of identify.
  2128 | D:3      | 2128 ||| IDENTIFYING smoky ruby potion
  2129 | D:3      | 2129 ||| READING 4 scrolls of identify.
  2129 | D:3      | 2129 ||| IDENTIFYING emerald potion
  2130 | D:3      | 2130 ||| READING 3 scrolls of identify.
  2130 | D:3      | 2130 ||| IDENTIFYING silvery potion
  2131 | D:3      | 2131 ||| READING 2 scrolls of identify.
  2131 | D:3      | 2131 ||| IDENTIFYING bubbling sapphire potion
  2132 | D:3      | 2132 ||| DROPPING potion of brilliance.
  2133 | D:3      | 2133 ||| DROPPING potion of ambrosia.
  2134 | D:3      | 2134 ||| DROPPING potion of degeneration.
  2145 | D:4      | 2145 ||| PLANNING SEWER
  2201 | D:4      | Reached skill level 8 in Ranged Weapons
  2215 | D:4      | Reached XP level 5. HP: 19/29 MP: 7/7
  2218 | D:4      | HP: 6/29 [gnoll/+0 club (3)]
  2219 | D:4      | 2219 ||| READING 4 scrolls of teleportation.
  2220 | D:4      | 2220 ||| DRINKING potion of heal wounds.
  2222 | D:4      | Noticed Eustachio
  2232 | D:4      | HP: 6/29 [quasit[Eustachio] (2)]
  2233 | D:4      | 2233 ||| READING 3 scrolls of teleportation.
  2233 | D:4      | Slain by an iron imp

Levels and vault maps discovered:
D:1:      wheals_arrival_shading, layout_basic, hangedman_decor_growths
D:2:      layout_basic, basic_altar
D:3:      layout_basic, mainiacjoe_overflow_cross_hatched,
          fedhas_altar_fruit_tree, serial_shops, shop, shop
D:4:      layout_rooms, nicolae_wu_jian_glorious_leap,
          cheibrodos_sewer_entry_drain, kennysheep_generic_room_6,
          uniq_eustachio

Skill      XL: |  1  2  3  4 |
---------------+-------------+-----
Ranged Weapons | 6 7 8 |  8.5
Fighting       | |  1.5
Dodging        | |  2.4
Stealth        | |  1.2

Action                     |  1- 3 |  4- 6 || total
---------------------------+-------+-------++-------
   Fire: Shortbow          |   125 |       ||   125
         Orcbow            |    10 |     6 ||    16
         Arbalest          |       |    36 ||    36
    Use: Scroll            |     3 |     7 ||    10
         Potion            |     2 |     2 ||     4
 Armour: Leather armour    |    17 |    10 ||    27
  Dodge: Dodged            |    36 |    39 ||    75

Table legend:
 A = Non-vault XP
 B = Vault XP
 C = Vault XP percentage of total XP
 D = Non-vault monster count
 E = Vault monster count
 F = Vault count percentage of total count
                 A         B        C        D         E       F
            +---------+---------+-------+---------+---------+-------
      Total |     214 |       0 |   0.0 |      57 |       0 |   0.0
            +---------+---------+-------+---------+---------+-------
        D:1 |      33 |       0 |   0.0 |      19 |       0 |   0.0
        D:2 |      39 |       0 |   0.0 |      17 |       0 |   0.0
        D:3 |      36 |       0 |   0.0 |      14 |       0 |   0.0
        D:4 |     106 |       0 |   0.0 |       7 |       0 |   0.0
            +---------+---------+-------+---------+---------+-------
